AoeStats
← Driezell

Golden Pit

509696597Analyzed
1v1 RM · 4d ago on Sep 27, 2026· 44m 6s· 2 players
Game mode
Random Map
Map size
Tiny (2 player)
Population
200
Speed
Normal
Resources
Standard
Victory
Conquest
Starting age
Dark Age
Ending age
Imperial Age
RankedLock teamsTeams togetherTeam positionsShared explorationLock speedFull tech treeHidden civsTurbo modeCheats
Victory
Defeat
🇧🇬 Bulgarians · Bulgaria
979
+16
🇳🇱 Ethiopians · Netherlands
976
-16
Driezell
6:34 Loom
12:50 Feudal Age
15:09 Double-Bit Axe
17:35 Castle Age
17:40 Scale Mail Armor
20:53 Gold Mining
21:38 Fletching
23:10 Wheelbarrow
26:04 Town Watch
26:56 Bodkin Arrow
28:43 Thumb Ring
29:40 Bow Saw
30:49 Chain Mail Armor
30:39 Padded Archer Armor
30:03 Elite Skirmisher
32:29 Hand Cart
36:03 Imperial Age
36:56 Ballistics
37:08 Crossbowman
39:09 Leather Archer Armor
38:45 Arbalester
39:37 Bracer
41:08 Ballistics
41:48 Chemistry
Zarko
6:47 Loom
10:27 Feudal Age
10:52 Horse Collar
10:59 Double-Bit Axe
17:40 Gold Mining
20:57 Castle Age
19:44 Stone Mining
23:59 Fletching
24:25 Scale Barding Armor
24:57 Husbandry
25:08 Bloodlines
25:10 Heavy Plow
28:42 Bow Saw
32:02 Imperial Age
29:50 Light Cavalry
32:55 Elite Konnik
35:39 Chemistry
36:46 Forging
36:57 Chain Barding Armor
37:35 Heavy Scorpion
38:59 Capped Ram
39:53 Scale Mail Armor
Connection lost

Rejoining the realm…

Still unreachable

The connection could not be restored.

Session expired

The server has moved on; the page needs a fresh start.